Map: Traitor's Exile

Players

Cormac - Winner!

  • Race: Protoss Protoss
  • Spawn Location: 12:00

BigGayBob - Winner!

  • Race: Terran Terran
  • League: Platinum
  • Spawn Location: 9:00

MonstroTown

  • Race: Terran Terran
  • Spawn Location: 5:00

Michael

  • Race: Zerg Zerg
  • League: Platinum
  • Spawn Location: 6:00

VOD

Have the link to the VOD?

Description

Time

  • Played on: Oct. 13, 2018, 5:29 p.m.
  • Length: 12:47
Show
View Real Time Build Order
Export as new Build Order

Cormac Protoss - Winner!

Build Orders: Phoenix Opening 

Get SALT Encoding   

  12  0:01  Probe  
  13  0:13  Probe  
  14  0:27  Pylon  
  14  0:31  Probe  
  14  0:33  Assimilator  
  15  0:45  Probe  
  15  0:47  Gateway  
  16  0:53  Probe  
  16  1:01  Probe  
  17  1:10  Pylon  
  18  1:11  Probe  
  18  1:14  Assimilator  
  19  1:23  Probe  
  20  1:35  Zealot, Probe  
  23  1:43  Cybernetics Core  
  23  1:48  Probe  
  23  1:54  Pylon  
  24  2:00  Warp Gate, Probe  
  25  2:11  Gateway  
  25  2:19  Probe  
  26  2:26  Stargate  
  26  2:27  Pylon  
  26  2:38  Shield Battery  
  26  2:49  Probe  
  26  2:51  Adept  
  29  3:00  Robotics Facility  
  29  3:03  Pylon  
  29  3:18  Phoenix  
  31  3:22  Probe  
  32  3:28  Forge  
  33  3:34  Probe  
  33  3:46  Probe  
  34  3:53  Phoenix  
  36  3:58  Probe  
  37  4:07  Immortal  
  41  4:14  Probe  
  41  4:15  Protoss Ground Armor Level 1  
  42  4:25  Nexus  
  42  4:26  Probe  
  43  4:38  Probe  
  43  4:42  Pylon  
  43  4:44  Zealot  
  43  4:45  Sentry  
  48  4:51  Probe  
  49  4:58  Observer  
  50  5:03  Probe  
  50  5:06  Shield Battery  
  51  5:11  Assimilator  
  51  5:15  Probe, Assimilator  
  52  5:23  Forge  
  52  5:27  Photon Cannon, Probe  
  53  5:38  Immortal  
  53  5:41  Probe  
  58  5:49  Probe  
  59  5:53  Probe  
  59  5:56  Pylon  
  60  6:01  Probe  
  61  6:09  Twilight Council  
  61  6:12  Probe  
  61  6:13  Gateway  
  61  6:14  Probe  
  61  6:17  Zealot  
  65  6:27  Shield Battery  
  65  6:29  Probe x2  
  65  6:30  Pylon  
  67  6:38  Gateway  
  67  6:46  Probe x2  
  69  6:59  Gateway  
  69  7:01  Gateway  
  69  7:02  Gateway  
  69  7:07  Probe x2  
  69  7:14  Photon Cannon  
  69  7:15  Probe  
  71  7:16  Probe  
  73  7:23  Probe  
  73  7:24  Probe  
  73  7:27  Immortal  
  79  7:34  Protoss Ground Armor Level 2  
  79  7:35  Probe  
  80  7:37  Protoss Ground Weapons Level 1, Templar Archives  
  80  7:52  Charge, Pylon  
  80  7:57  Pylon  
  80  8:00  Pylon  
  80  8:08  Gateway  
  80  8:09  Gateway  
  80  8:11  Probe x2  
  82  8:17  High Templar x3  
  88  8:22  High Templar  
  90  8:29  Zealot x2  
  94  8:35  High Templar  
  94  8:38  Probe  
  94  8:40  Psionic Storm  
  97  8:46  Archon, Nexus  
  97  8:47  Archon  
  97  9:02  Immortal  
  101  9:11  Probe x2  
  103  9:20  Robotics Facility, Pylon  
  103  9:23  Photon Cannon  
  103  9:24  High Templar  
  105  9:32  Protoss Ground Weapons Level 2  
  105  9:34  Assimilator  
  105  9:35  Colossus  
  105  9:36  Colossus  
  105  9:37  High Templar  
  107  9:39  Zealot x2, Assimilator  
  107  9:42  Pylon  
  107  9:44  Pylon  
  111  9:57  Probe  
  111  9:58  Probe  
  113  10:13  High Templar  
  115  10:17  Zealot x4  
  115  10:18  Zealot x4  
  131  10:28  Archon  
  131  10:29  Archon  
  131  10:48  High Templar x3  
  137  10:51  Zealot x2  
  137  10:52  Zealot x4  
  149  10:58  Immortal x2  
  157  11:23  Zealot x4  
  157  11:24  Zealot x4  
  149  11:45  Immortal  
  149  11:47  Immortal  
  149  11:52  Pylon  
  149  12:02  High Templar  
  149  12:03  High Templar x2  
  149  12:05  Zealot x2  
  149  12:06  Zealot  
  155  12:12  Archon x2  
  154  12:19  High Templar x2  
  158  12:29  Archon  
Show
View Real Time Build Order
Export as new Build Order

BigGayBob Terran - Winner!

Build Orders: Bio Tank 

Get SALT Encoding   

  12  0:01  SCV  
  13  0:13  SCV  
  14  0:24  Supply Depot  
  14  0:25  SCV  
  15  0:35  Refinery  
  15  0:45  SCV  
  16  0:51  Barracks  
  16  0:57  SCV  
  17  1:09  SCV  
  18  1:14  Supply Depot  
  18  1:21  SCV  
  19  1:38  Orbital Command  
  19  1:45  Factory  
  19  1:47  Marine  
  20  2:04  SCV, Marine  
  20  2:07  Refinery  
  22  2:16  SCV  
  23  2:23  Barracks  
  23  2:24  Marine  
  24  2:35  SCV  
  24  2:36  Factory Tech Lab  
  24  2:42  Marine  
  25  2:47  SCV  
  26  2:55  Siege Tank  
  29  2:59  SCV  
  29  3:00  Marine  
  31  3:08  Starport  
  31  3:21  Command Center  
  31  3:23  Barracks Tech Lab  
  31  3:31  Barracks Reactor  
  31  3:35  Supply Depot  
  31  3:47  Starport Tech Lab  
  31  3:55  SCV  
  31  4:01  Supply Depot  
  31  4:07  SCV, Banshee  
  35  4:10  Cloaking Field  
  35  4:15  Marine x2  
  37  4:20  Marauder  
  39  4:28  SCV  
  40  4:32  Marine  
  40  4:33  Marine  
  42  4:39  Siege Tank  
  45  4:50  Marine x3  
  48  4:57  Medivac  
  50  5:07  Marine  
  50  5:08  Marine x2  
  50  5:09  Orbital Command  
  53  5:23  SCV  
  53  5:25  Marine  
  53  5:27  Marine x2  
  57  5:35  SCV  
  58  5:37  SCV  
  59  5:43  Marine  
  59  5:47  SCV  
  59  5:49  SCV  
  59  5:58  Refinery x2  
  59  5:59  Siege Tank  
  62  6:06  Supply Depot  
  62  6:11  Engineering Bay  
  62  6:22  Raven, SCV x2, Marine x3  
  69  6:31  Stimpack, Supply Depot  
  69  6:34  SCV x2  
  71  6:45  Siege Tank  
  71  6:46  SCV, Marine x3  
  78  6:52  SCV  
  79  6:55  Supply Depot  
  79  6:58  SCV  
  80  7:04  SCV  
  80  7:05  Marine x3  
  84  7:10  Sensor Tower, SCV  
  85  7:16  SCV  
  85  7:19  Siege Tank  
  85  7:22  Marine  
  89  7:23  SCV, Marine x2  
  89  7:29  SCV  
  94  8:07  Marine x3  
  94  8:08  Siege Tank, Medivac  
  94  8:09  Terran Infantry Armor Level 1, Supply Depot  
  94  8:10  Supply Depot  
  94  8:11  Engineering Bay  
  102  8:15  Barracks  
  102  8:16  Barracks  
  102  8:30  Marine x3  
  105  8:37  Supply Depot  
  105  8:38  Sensor Tower, Medivac  
  105  8:39  Supply Depot  
  107  8:48  Marine x3  
  110  8:58  Siege Tank  
  110  9:01  Combat Shields  
  113  9:05  Barracks Tech Lab  
  113  9:06  Barracks Reactor, Marine x3  
  116  9:10  Terran Infantry Weapons Level 1  
  116  9:16  Supply Depot  
  116  9:18  Armory, Supply Depot  
  116  9:19  Medivac  
  116  9:23  Marine x3  
  121  9:28  Marine  
  125  9:31  Siege Tank  
  125  9:41  Marine x2  
  127  9:52  Command Center  
  127  9:59  Marine x6  
  133  10:09  Terran Infantry Armor Level 2  
  133  10:12  Concussive Shells  
  133  10:37  Marine x3  
  133  10:38  Marine x3  
  133  10:39  Siege Tank  
  133  10:40  Medivac  
  144  10:55  Marine x3  
  147  11:00  Refinery  
  147  11:06  Planetary Fortress  
  138  11:11  Siege Tank  
  138  11:17  Marine x5  
  138  11:18  Marine  
  120  11:35  Marine x6  
  126  11:53  Marine x6  
  132  11:58  Siege Tank  
  135  12:10  Marine x2  
  135  12:11  Marine x4  
  141  12:21  SCV x2  
  143  12:28  Marine x3  
  143  12:29  Marine x3  
Show
View Real Time Build Order
Export as new Build Order

MonstroTown Terran 

Build Orders: MMM Bio 

Get SALT Encoding   

  12  0:01  SCV  
  13  0:13  SCV  
  14  0:19  Supply Depot  
  14  0:25  SCV  
  15  0:41  SCV  
  16  0:44  Barracks  
  16  0:53  SCV  
  17  0:57  Refinery  
  17  1:05  SCV  
  17  1:08  Barracks  
  18  1:15  Refinery  
  18  1:17  SCV  
  19  1:32  Orbital Command  
  19  1:40  Reaper  
  20  1:58  Barracks Tech Lab  
  20  1:59  SCV, Supply Depot  
  21  2:12  SCV  
  22  2:18  Stimpack  
  22  2:19  Marine  
  22  2:27  Factory  
  22  2:29  SCV  
  23  2:41  SCV  
  24  2:50  Barracks Reactor  
  24  2:51  Engineering Bay  
  24  2:53  SCV  
  25  2:59  Marauder  
  27  3:10  Barracks  
  27  3:13  Starport  
  27  3:15  SCV  
  28  3:20  Factory Tech Lab  
  28  3:23  Marine  
  29  3:31  Supply Depot  
  29  3:37  Missile Turret  
  29  3:40  Marine  
  30  3:53  Siege Tank  
  33  3:57  Marine  
  34  4:23  Command Center  
  34  4:33  Marine  
  34  4:34  Marine  
  34  4:36  Marauder  
  38  4:39  Terran Infantry Weapons Level 1  
  38  4:50  Supply Depot  
  38  4:54  Combat Shields  
  38  4:57  Marine  
  39  5:04  Marine  
  39  5:11  Siege Tank  
  42  5:14  Missile Turret, Starport Tech Lab  
  42  5:17  Barracks Reactor  
  42  5:20  Marine x2  
  44  5:25  Supply Depot  
  44  5:34  Raven  
  44  5:35  Marine  
  47  5:57  Orbital Command  
  47  5:58  Missile Turret, SCV  
  47  6:01  Siege Tank  
  47  6:03  Marine  
  52  6:10  SCV  
  53  6:22  SCV  
  53  6:24  Raven  
  53  6:25  Marine x3  
  56  6:26  Marine x2  
  61  6:43  Marine  
  61  6:45  Engineering Bay, Marine x2  
  61  6:46  Armory  
  64  6:49  SCV x2  
  66  7:01  SCV  
  67  7:05  Concussive Shells  
  67  7:06  Marine x4  
  71  7:16  Terran Infantry Armor Level 1  
  71  7:20  SCV x2  
  73  7:32  SCV x2  
  75  7:37  Terran Infantry Weapons Level 2  
  75  7:44  SCV x2  
  77  7:52  Missile Turret  
  77  7:53  Missile Turret  
  77  7:56  SCV, Supply Depot  
  77  7:57  Supply Depot  
  78  8:14  Command Center  
  78  8:18  SCV x2  
  80  8:29  Raven  
  80  8:30  SCV x2  
  80  8:32  Marine x5  
  89  8:37  Refinery  
  89  8:39  Refinery  
  89  8:43  Supply Depot  
  89  8:49  Marine  
  89  8:52  Starport  
  90  8:57  Marine x4  
  94  9:03  Terran Vehicle Weapons Level 1  
  94  9:07  Marine  
  94  9:09  SCV x2  
  97  9:21  SCV  
  97  9:22  SCV  
  99  9:27  Marine  
  99  9:28  Missile Turret, Marine x3  
  99  9:29  Marine  
  104  9:33  SCV  
  104  9:34  SCV  
  104  9:35  Barracks  
  106  9:39  Starport Reactor  
  106  9:44  Orbital Command  
  106  9:45  Marine x2  
  106  9:46  Marine  
  106  9:47  SCV x2  
  111  10:04  Marine x2  
  111  10:05  Marine x2  
  111  10:06  Ghost Academy, Terran Infantry Armor Level 2  
  115  10:09  SCV x2  
  115  10:10  SCV  
  118  10:36  Marine x3  
  118  10:37  Marine  
  118  10:38  Barracks Reactor  
  118  10:39  Marauder  
  124  10:44  Thor  
  124  10:46  Supply Depot  
  124  10:47  Supply Depot  
  130  10:50  Supply Depot  
  130  10:51  Supply Depot  
  130  10:55  Marine  
  131  10:57  Refinery  
  131  10:58  Refinery  
  131  11:10  Marine x4  
  135  11:12  Marine  
  124  11:24  Marine x2  
  77  11:28  Marine x4  
  77  11:30  Marine  
  80  11:39  Medivac x3  
  80  11:42  Marine x2  
  80  11:46  Marine x4  
  86  11:48  Marine  
  87  12:00  Marine x2  
  84  12:03  Marine  
  84  12:04  Marine x2  
  77  12:08  Medivac  
  77  12:12  Marine x2  
  81  12:18  Marine x2  
  81  12:21  Marine  
Show
View Real Time Build Order
Export as new Build Order

Michael Zerg 

Build Orders: Pool First 

Get SALT Encoding   

  12  0:01  Drone  
  13  0:13  Overlord  
  13  0:18  Drone  
  14  0:31  Drone x2  
  14  0:35  Drone  
  17  0:41  Extractor  
  16  0:45  Drone  
  17  0:52  Spawning Pool  
  17  0:56  Drone  
  17  1:07  Drone  
  18  1:25  Hatchery  
  17  1:28  Drone  
  17  1:32  Drone  
  19  1:43  Queen  
  21  1:51  Metabolic Boost  
  21  1:55  Zergling x2  
  22  2:02  Overlord  
  22  2:20  Queen  
  24  2:28  Zergling x4  
  26  2:31  Drone  
  27  2:38  Queen  
  27  2:40  Zergling x2  
  27  2:41  Zergling x2  
  31  2:50  Extractor  
  30  3:01  Lair  
  30  3:04  Drone x2  
  30  3:05  Drone  
  33  3:13  Drone x2  
  35  3:23  Overlord  
  35  3:25  Overlord  
  35  3:32  Drone  
  36  3:38  Spine Crawler  
  36  3:40  Spore Crawler  
  34  3:44  Spore Crawler  
  34  3:47  Drone  
  34  3:48  Drone  
  35  3:50  Drone  
  35  3:52  Drone  
  37  4:12  Drone  
  37  4:13  Drone x2  
  37  4:15  Roach Warren  
  39  4:22  Spire  
  38  4:25  Drone x2  
  40  4:32  Drone x2  
  40  4:33  Drone  
  40  4:35  Drone  
  44  4:45  Drone x2  
  45  4:46  Drone x2  
  48  4:53  Hydralisk Den  
  47  5:03  Extractor, Drone  
  47  5:04  Drone x2  
  47  5:05  Extractor  
  48  5:10  Queen  
  48  5:11  Spore Crawler  
  49  5:14  Queen  
  51  5:29  Hatchery  
  50  5:54  Glial Reconstitution  
  50  5:56  Roach  
  52  5:57  Overlord  
  52  5:58  Overlord x4  
  52  6:03  Overlord  
  52  6:09  Muscular Augments  
  52  6:16  Infestation Pit  
  52  6:18  Drone x5  
  56  6:20  Drone  
  56  6:22  Drone  
  56  6:23  Drone  
  59  6:26  Drone  
  59  6:28  Drone  
  61  6:46  Evolution Chamber  
  60  6:55  Hydralisk x6  
  72  7:07  Hive  
  72  7:12  Zerg Ground Armor Level 1  
  72  7:16  Roach x2  
  72  7:17  Roach  
  72  7:20  Roach  
  72  7:21  Grooved Spines  
  80  7:35  Roach x6  
  92  7:37  Overlord  
  92  7:40  Overlord  
  90  7:56  Drone x2  
  90  7:57  Drone x8  
  90  7:58  Drone  
  99  8:00  Extractor  
  99  8:02  Extractor  
  99  8:04  Spore Crawler  
  96  8:06  Spore Crawler  
  96  8:10  Spine Crawler  
  94  8:15  Drone x2  
  94  8:17  Drone  
  94  8:19  Drone  
  98  8:21  Drone  
  98  8:22  Drone  
  100  8:27  Drone x2  
  100  8:28  Drone  
  100  8:33  Greater Spire  
  103  8:34  Corruptor  
  103  8:38  Corruptor  
  107  8:59  Overlord  
  107  9:01  Roach  
  107  9:02  Hydralisk x4  
  109  9:03  Hydralisk x2  
  109  9:08  Overlord  
  109  9:09  Overlord x2  
  121  9:10  Overlord  
  121  9:14  Zerg Missile Weapons Level 1  
  121  9:36  Roach x11  
  143  9:46  Zerg Flyer Armor Level 1  
  143  9:48  Brood Lord  
  143  9:51  Corruptor x2  
  149  10:02  Overlord x2  
  149  10:06  Corruptor x2  
  153  10:08  Corruptor  
  155  10:23  Corruptor x3  
  155  10:24  Corruptor  
  163  10:33  Overseer  
  163  10:34  Corruptor  
  163  10:35  Corruptor  
  167  10:46  Corruptor  
  169  10:59  Brood Lord  
  169  11:00  Brood Lord  
  169  11:02  Corruptor x2  
  112  11:18  Corruptor  
  112  11:23  Hatchery  
  105  11:32  Corruptor  
  93  11:33  Corruptor x5  
  105  11:53  Brood Lord x2  
  106  11:59  Brood Lord x3  
  82  12:05  Brood Lord  
  73  12:16  Spire  
  73  12:20  Spawning Pool  
Tags
 
Add a new tag
Caveats
  • Supply blocks, unpowered buildings, or Contaminate may cause inaccurate times.
  • Supply counts are checked every 10 seconds.